 Dungeon Crawl Stone Soup version 0.27.1-3-gb3d3a73c9e (webtiles) character file.

Game seed: 8370763766480915301

74 CuBeRJAN3 the Magician (level 4, -2/25 HPs)
             Began as a Deep Elf Fire Elementalist on Oct 7, 2021.
             Slain by an orc (8 damage)
             ... on level 2 of the Dungeon.
             The game lasted 00:06:39 (2367 turns).

CuBeRJAN3 the Magician (Deep Elf Fire Elementalist) Turns: 2367, Time: 00:06:39

Health: -2/25      AC:  3    Str:  5    XL:     4   Next: 9%
Magic:  12/12      EV: 12    Int: 21    God:
Gold:   90         SH:  0    Dex: 15    Spells: 4/11 levels left

rFire    . . .     SeeInvis .   b - +0 dagger
rCold    . . .     Faith    .   (no shield)
rNeg     . . .     Spirit   .   a - +1 robe
rPois    .         Reflect  .   (no helmet)
rElec    .         Harm     .   (no cloak)
rCorr    .         Rampage  .   (no gloves)
Will     .....                  (no boots)
Stlth    +.........             (no amulet)
HPRegen  0.08/turn              (no ring)
MPRegen  0.13/turn              (no ring)

@: silenced
A: no striking features
a: no special abilities


You were on level 2 of the Dungeon.
You visited 1 branch of the dungeon, and saw 3 of its levels.

You collected 90 gold pieces.

Inventory:

Hand Weapons
 b - a +0 dagger (weapon)
Armour
 a - a +1 robe (worn)
Scrolls
 g - a scroll of fear {unknown}
 h - 2 scrolls of enchant armour
Potions
 i - a potion of berserk rage {unknown}


   Skills:
 * Level 1.1 Fighting
 - Level 2.4 Dodging
 + Level 3.0 Stealth
 * Level 4.0 Spellcasting
 * Level 1.6 Conjurations
 + Level 1.5 Hexes
 + Level 3.7 Fire Magic
 * Level 0.1 Poison Magic


You had 4 spell levels left.
You knew the following spells:

 Your Spells              Type           Power      Damage    Failure   Level
a - Foxfire               Conj/Fire      60%        2x1d7     4%          1
b - Conjure Flame         Conj/Fire      15%        6-21      12%         3
c - Inner Flame           Hex/Fire       15%        N/A       12%         3

Your spell library contained the following spells:

 Spells                   Type           Power      Damage    Failure   Level
 Ignite Poison            Fire/Tmut/Pois 9%         N/A       22%         3
 Mephitic Cloud           Conj/Pois/Air  6%         N/A       28%         3
 Sticky Flame             Conj/Fire      15%        2d4       36%         4
 Fireball                 Conj/Fire      7%         3d5       73%         5
 Bolt of Magma            Conj/Fire/Erth 5%         4d5       85%         5


Dungeon Overview and Level Annotations

Branches:
Dungeon (3/15)

Altars:


Message History

Unknown command.
You feel much better. The orc misses you.
The orc wizard hits you with a +0 dagger.
You closely miss the orc. The orc misses you.
The orc wizard closely misses you.
You closely miss the orc. The orc hits you with a +0 flail.
The orc wizard misses you.
You hit the orc but do no damage. The orc closely misses you.
The orc wizard hits you but does no damage.
You hit the orc but do no damage. The orc barely misses you.
The orc wizard hits you with a +0 dagger.
You closely miss the orc. The orc hits you with a +0 flail.
The orc wizard barely misses you.
You barely miss the orc. The orc closely misses you. The orc wizard misses you.
You hit the orc but do no damage. The orc misses you.
The orc wizard closely misses you.
You hit the orc but do no damage. The orc barely misses you.
The orc wizard hits you with a +0 dagger.
You hit the orc but do no damage. The orc misses you.
The orc wizard barely misses you.
You hit the orc but do no damage. The orc closely misses you.
The orc wizard hits you with a +0 dagger.
You barely miss the orc. The orc hits you with a +0 flail.
The orc wizard misses you.
You hit the orc.
The orc is moderately wounded.
The orc barely misses you.
The orc wizard hits you with a +0 dagger.
You closely miss the orc.
The orc is moderately wounded.
The orc hits you with a +0 flail.
* * * LOW HITPOINT WARNING * * *
The orc wizard hits you but does no damage.
You hit the orc.
The orc is moderately wounded.
The orc closely misses you. The orc wizard barely misses you.
You hit the orc but do no damage.
The orc is moderately wounded.
The orc hits you with a +0 flail!
You die...

############
#..........## #######
#.########... #...o@#
#.# #### #.###o####.#
##.. #.#
#......########.#.
#.###.####........<###
#.....# #.########.#.
###.### #.# ##.# #.#
#.# #.# #.#
##.#########.# ##.#
#.......รท....#


You could see an orc wizard and an orc.

Vanquished Creatures
  A gnoll (D:1)
  An adder (D:2)
  A worm (D:2)
  3 dart slugs
  4 ball pythons
  A bat (D:2)
  4 endoplasms
  A giant cockroach (D:1)
  8 hobgoblins
  3 kobolds
  2 quokkas
  4 frilled lizards
  9 goblins
  A rat (D:1)
43 creatures vanquished.

Vanquished Creatures (collateral kills)
  5 foxfires (D:2)
5 creatures vanquished.

Vanquished Creatures (others)
  127 foxfires
  3 plants (D:2)
130 creatures vanquished.

Grand Total: 178 creatures vanquished

Notes
Turn   | Place    | Note
-------+----------+-------------------------------------------
     0 | D:1      | CuBeRJAN3 the Deep Elf Fire Elementalist began the quest
                  | for the Orb.
     0 | D:1      | Reached XP level 1. HP: 10/10 MP: 6/6
   279 | D:1      | Reached XP level 2. HP: 16/16 MP: 4/8
   381 | D:1      | Reached skill level 1 in Hexes
   748 | D:1      | Reached skill level 1 in Fighting
   748 | D:1      | Reached XP level 3. HP: 20/20 MP: 7/10
   775 | D:1      | Learned a level 3 spell: Conjure Flame
   779 | D:1      | Learned a level 3 spell: Inner Flame
  1665 | D:2      | Found a faded altar of an unknown god.
  1822 | D:2      | Reached XP level 4. HP: 25/25 MP: 6/11
  2240 | D:2      | Reached skill level 4 in Spellcasting
  2367 | D:2      | Slain by an orc

Illustrated notes

Levels and vault maps discovered:
D:1:      denvon_arrival_waterhouse, layout_loops_ring,
          hangedman_decor_opposing, minmay_pentomino_o2
D:2:      layout_loops_ring, shapermc_ecumenical_altar_acropolis,
          chequers_serial_rivers_small_3, minmay_goblin_kobold_house
D:3:      layout_basic, grunt_ministairs_4

Skill      XL: |  1  2  3  4 |
---------------+-------------+-----
Hexes          | 1 |  1.5
Fighting       | 1 |  1.1
Stealth        | 3 |  3.0
Spellcasting   | 4 |  4.0
Dodging        | |  2.4
Conjurations   | |  1.6
Fire Magic     | |  3.7
Poison Magic   | |  0.1

Action                   |  1- 3 |  4- 6 || total
-------------------------+-------+-------++-------
Melee: Dagger            |     1 |    15 ||    16
 Cast: Foxfire           |    80 |     5 ||    85
  Use: Scroll            |       |     4 ||     4
       Potion            |       |     1 ||     1
Armor: Robe              |     4 |     3 ||     7
Dodge: Dodged            |     2 |    27 ||    29
